Map: Dasan Station LE

Players

MarineLorD - Winner!

  • Race: Terran Terran
  • League: Master

Stephano

  • Race: Zerg Zerg
  • League: Master

Event: DreamHack ZOWIE Open Valencia 2016

VOD

Have the link to the VOD?

Description

Time

  • Played on: July 15, 2016, 3:07 p.m.
  • Length: 11:14

All games in this series

Show
View Real Time Build Order
Export as new Build Order

MarineLorD Terran - Winner!

Build Orders: Hellion Opening 

Get SALT Encoding   

  12  0:00  SCV  
  13  0:12  SCV  
  14  0:17  Supply Depot  
  14  0:24  SCV  
  15  0:38  SCV  
  15  0:42  Barracks  
  16  0:50  SCV  
  16  0:52  Refinery  
  17  1:03  SCV  
  18  1:15  SCV  
  19  1:28  Orbital Command  
  19  1:29  Marine  
  20  1:39  Command Center  
  20  1:46  Marine  
  21  1:54  Supply Depot  
  21  1:57  SCV  
  22  2:05  Factory  
  21  2:09  SCV  
  22  2:21  SCV  
  24  2:26  Supply Depot, Barracks Reactor  
  23  2:33  SCV  
  24  2:45  SCV, Bunker  
  25  2:51  Orbital Command  
  25  2:58  SCV  
  26  3:07  Hellion x2  
  26  3:08  Marine  
  32  3:17  Engineering Bay x2  
  32  3:19  Engineering Bay  
  31  3:21  SCV  
  31  3:24  SCV  
  32  3:28  Hellion  
  32  3:33  Hellion  
  35  3:34  SCV  
  35  3:36  SCV  
  37  3:41  Marine  
  37  3:46  SCV  
  37  3:48  SCV  
  40  3:50  Hellion  
  40  3:54  Hellion  
  44  3:59  SCV  
  45  4:04  Supply Depot  
  45  4:07  Starport  
  45  4:10  SCV  
  45  4:11  SCV  
  51  4:17  Hellion x2  
  51  4:22  SCV  
  51  4:23  SCV  
  49  4:34  SCV  
  49  4:35  SCV  
  51  4:49  Supply Depot  
  49  4:54  Liberator  
  49  5:04  Supply Depot  
  49  5:06  Supply Depot  
  49  5:11  Hellion  
  49  5:14  SCV x2  
  54  5:16  Hellion  
  53  5:22  Marine, Engineering Bay  
  54  5:30  Supply Depot  
  54  5:38  Supply Depot  
  54  5:40  Supply Depot  
  54  5:44  Refinery  
  54  5:53  Refinery  
  54  5:57  Supply Depot, Barracks Reactor  
  54  6:00  SCV x2, Hellion x2  
  54  6:02  Supply Depot  
  60  6:06  Viking  
  62  6:12  SCV x2  
  64  6:19  Refinery  
  64  6:21  Hellion x2, Command Center  
  64  6:24  SCV x2  
  70  6:36  SCV x2  
  72  6:43  Hellion x2  
  72  6:44  Armory  
  76  6:48  SCV x2  
  78  7:00  SCV x2  
  84  7:12  SCV x2, Barracks Tech Lab  
  84  7:13  Barracks x2  
  86  7:16  Medivac x2  
  80  7:24  SCV x2  
  80  7:26  Barracks  
  80  7:27  Barracks  
  80  7:28  Factory Tech Lab  
  82  7:36  SCV x2  
  84  7:39  Terran Infantry Armor Level 1, Terran Infantry Weapons Level 1, Liberator  
  84  7:46  Marine  
  84  7:49  SCV  
  86  7:52  Siege Tank  
  86  7:56  Stimpack  
  90  8:01  SCV  
  86  8:07  Barracks Tech Lab  
  86  8:10  Orbital Command  
  82  8:13  SCV  
  82  8:17  SCV  
  84  8:23  Terran Vehicle Weapons Level 1  
  84  8:25  SCV, Siege Tank  
  88  8:29  Marauder x2, Barracks Reactor  
  88  8:30  Marine x2, Barracks Reactor  
  94  8:44  Barracks  
  94  8:45  Barracks  
  94  8:46  Barracks  
  94  8:48  Marine x2, SCV  
  96  8:49  SCV, Orbital Command  
  96  8:50  Marine  
  96  8:51  Marine  
  100  9:01  SCV, Refinery  
  101  9:09  Marine x2  
  101  9:12  Marine x2  
  101  9:14  Supply Depot x2  
  101  9:15  Supply Depot, Marine x4, SCV, Siege Tank  
  109  9:31  Marine  
  109  9:32  Marine  
  109  9:33  Marine  
  109  9:34  Marine  
  109  9:35  Marauder x2, Medivac x2  
  109  9:36  Marine x2  
  116  9:38  SCV  
  116  9:40  SCV  
  118  9:47  Marine x3, Siege Tank  
  118  9:49  Marine  
  118  9:52  Marine x2  
  128  9:59  Marine  
  128  10:07  Supply Depot  
  128  10:08  Supply Depot  
  128  10:09  Marine, Marauder  
  128  10:13  Marine x2  
  133  10:22  Supply Depot  
  133  10:25  Marine x5  
  133  10:27  Marine x2  
  133  10:28  Marine  
  141  10:31  Marine x2, Marauder  
  139  10:43  Marine x2  
  139  10:44  Marine  
  144  10:50  Marine x4  
  144  10:52  Marine x3  
  144  10:53  Marine  
Show
View Real Time Build Order
Export as new Build Order

Stephano Zerg 

Build Orders: Pool First 

Get SALT Encoding   

  12  0:00  Drone  
  13  0:08  Drone  
  14  0:17  Extractor  
  14  0:18  Drone  
  14  0:31  Spawning Pool  
  14  0:35  Drone  
  14  0:44  Overlord  
  14  0:49  Extractor  
  13  0:51  Drone  
  15  1:02  Drone  
  16  1:18  Metabolic Boost  
  16  1:22  Zergling x2  
  16  1:23  Zergling x2  
  16  1:24  Zergling x2  
  19  1:29  Queen  
  21  1:34  Zergling x2  
  22  1:44  Overlord  
  22  2:03  Drone  
  23  2:09  Zergling x2  
  23  2:12  Hatchery  
  23  2:17  Queen  
  23  2:21  Drone  
  26  2:32  Zergling x2  
  27  2:40  Zergling x6  
  27  2:42  Overlord  
  30  3:00  Overlord  
  30  3:12  Pneumatized Carapace  
  30  3:15  Evolution Chamber  
  30  3:17  Zergling x8  
  33  3:32  Queen  
  34  3:45  Zergling x2  
  35  3:52  Zergling x4  
  37  4:07  Zergling x10  
  39  4:30  Zergling x2  
  39  4:31  Zergling x10  
  35  4:40  Drone x5  
  38  4:59  Drone x3  
  40  5:04  Zerg Ground Armor Level 1  
  40  5:08  Roach Warren  
  37  5:17  Drone x3  
  37  5:19  Zergling x4  
  39  5:26  Queen  
  38  5:33  Extractor  
  38  5:35  Spine Crawler  
  36  5:42  Queen  
  38  5:50  Roach x4  
  46  5:59  Drone x2  
  48  6:14  Drone x4  
  52  6:21  Hatchery  
  51  6:28  Ravager  
  51  6:29  Overlord  
  52  6:40  Overlord  
  52  6:45  Overlord  
  52  6:46  Overlord  
  52  6:49  Roach  
  52  6:50  Roach x3  
  60  7:04  Drone x5  
  60  7:06  Ravager x3  
  68  7:11  Zerg Missile Weapons Level 1  
  65  7:24  Drone x3  
  65  7:26  Roach x2  
  70  7:43  Ravager x2  
  69  7:51  Drone x6  
  68  7:55  Drone  
  67  8:14  Roach x3  
  67  8:18  Overlord  
  70  8:25  Overlord  
  70  8:28  Drone  
  71  8:38  Drone  
  71  8:39  Drone x2  
  74  8:47  Roach  
  74  8:48  Roach x2  
  80  8:57  Overlord  
  80  9:02  Drone x6  
  86  9:05  Extractor  
  86  9:06  Extractor  
  82  9:11  Roach x3  
  86  9:18  Drone x3  
  86  9:22  Extractor  
  86  9:23  Extractor  
  87  9:31  Lair  
  87  9:33  Drone x3  
  87  9:37  Drone  
  87  9:38  Drone x5  
  88  9:42  Roach x2  
  90  9:50  Drone x2  
  90  9:51  Drone  
  93  9:59  Overlord  
  93  10:04  Overlord  
  93  10:25  Roach  
  95  10:29  Roach x4  
  95  10:30  Roach  
  101  10:35  Spire  
  101  10:40  Hatchery  
  95  10:44  Zergling x10  

Tags
 
Add a new tag
Caveats
  • Supply blocks, unpowered buildings, or Contaminate may cause inaccurate times.
  • Supply counts are checked every 10 seconds.